 Dungeon Crawl Stone Soup version 0.31-a0-441-g867994ef1c (webtiles) character file.

Game seed: 18102965808242200750

536 garrulousMonolith the Grave Robber (level 7, 0/51 HPs)
             Began as a Gnoll Necromancer on Aug 3, 2023.
             Killed by divine providence
             ... invoked by an orc priest
              (14 damage)
             ... on level 4 of the Dungeon.
             The game lasted 00:05:34 (3488 turns).

garrulousMonolith the Grave Robber (GnNe)           Turns: 3488, Time: 00:05:34

Health: 0/51       AC:  4    Str:  7    XL:     7   Next: 25%
Magic:  2/15       EV: 17    Int: 16    God:
Gold:   179        SH:  4    Dex: 13    Spells: 9/17 levels left

rFire   . . .        b - +1 rapier (speed)
rCold   . . .        f - +0 buckler
rNeg    . . .        e - +0 leather armour
rPois   .            q - +0 helmet
rElec   .            (no cloak)
rCorr   .            (no gloves)
SInv    .            (no boots)
Will    .....        (no amulet)
Stlth   +++          r - +5 ring of evasion
HPRegen 0.28/turn    (no ring)
MPRegen 0.14/turn

%: no passive effects
@: no status effects
A: fangs 1, strong nose, distributed training
a: no special abilities


You were on level 4 of the Dungeon.
You visited 1 branch of the dungeon, and saw 4 of its levels.

You collected 179 gold pieces.

Inventory:

Hand Weapons
 b - a +1 rapier of speed (weapon)
 h - a +1 dagger of speed
Missiles
 d - 9 poisoned darts
Armour
 e - a +0 leather armour (worn)
 f - a +0 buckler (worn)
 q - a +0 helmet (worn)
Jewellery
 r - a +5 ring of evasion (left hand)
Scrolls
 g - a scroll of blinking {unknown}
 j - a scroll of enchant weapon {unknown}
 m - a scroll of teleportation {unknown}
 n - a scroll of immolation {unknown}
 p - a scroll of torment {unknown}
 s - a scroll of amnesia {unknown}
 t - a scroll of poison {unknown}
Potions
 a - a potion of might
 c - a potion of haste {unknown}
 i - a potion of degeneration {unknown}
 k - a potion of invisibility {unknown}
 l - 3 potions of lignification
 o - 2 potions of ambrosia


   Skills:
 + Level 2.4 Fighting
 + Level 2.4 Short Blades
 + Level 2.4 Long Blades
 + Level 2.4 Axes
 + Level 2.4 Maces & Flails
 + Level 2.4 Polearms
 + Level 2.4 Staves
 + Level 2.4 Ranged Weapons
 + Level 2.4 Throwing
 + Level 2.4 Armour
 + Level 5.2 Dodging
 + Level 4.8 Stealth
 + Level 2.4 Shields
 + Level 2.4 Unarmed Combat
 + Level 5.6 Spellcasting
 + Level 2.0 Conjurations
 + Level 2.0 Hexes
 + Level 2.0 Summonings
 + Level 7.4 Necromancy
 + Level 2.0 Translocations
 + Level 2.0 Transmutations
 + Level 2.0 Fire Magic
 + Level 2.0 Ice Magic
 + Level 2.0 Air Magic
 + Level 2.0 Earth Magic
 + Level 2.0 Poison Magic
 + Level 2.6 Invocations
 + Level 2.4 Evocations
 + Level 2.0 Shapeshifting


You had 9 spell levels left.
You knew the following spells:

 Your Spells              Type           Power      Damage    Failure   Level
a - Necrotise             Necr           100%       1d9       1%          1
b - Vampiric Draining     Necr           28%        2d8       4%          3
c - Animate Dead          Necr           28%        N/A       16%         4

Your spell library contained the following spells:

 Spells                   Type           Power      Damage    Failure   Level
 Freeze                   Ice            40%        1d6       16%         1
 Frozen Ramparts          Ice            20%        1d4       41%         3
 Hailstorm                Conj/Ice       10%        3d5       41%         3
 Agony                    Necr           28%        N/A       41%         5


Dungeon Overview and Level Annotations

Branches:
Dungeon (4/15)
 Temple: D:4-7

Altars:
Ashenzari
Cheibriados
Dithmenos
Makhleb
Zin


Innate Abilities, Weirdness & Mutations

You have very sharp teeth.
Your uncanny sense of smell can sniff out nearby items.
Your experience applies equally to all skills.


Message History

The dart slug launches a dart at you. The slug dart hits you.
* * * LOW HITPOINT WARNING * * *
Things that are here:
a +0 mace; a black bear corpse You hit the dart slug.
You kill the dart slug!
You closely miss the orc. You hit the orc.
The orc is heavily wounded.
The orc hits you with a +0 club.
* * * LOW HITPOINT WARNING * * *
You hit the orc.
The orc is almost dead.
The orc hits you with a +0 club.
* * * LOW HITPOINT WARNING * * *
You completely miss the orc.
The orc is almost dead.
The orc misses you.
You barely miss the orc.
The orc is almost dead.
The orc closely misses you.
You hit the orc.
You kill the orc!
You barely miss the orc. Your bite misses the orc.
Casting: Vampiric Draining (dangerous; 4% risk of failure)
Confirm with . or Enter, or press ? or * to list all spells.
Aiming: Necrotise (safe; 1% risk of failure)
Press: ? - help, Shift-Dir - straight line, f - orc
Aim: an orc, wielding a +0 dagger (chance to affect: 93%)
The orc writhes in agony.
The orc hits you but does no damage.
You puncture the orc!
You kill the orc!
Casting: Necrotise (safe; 1% risk of failure)
Confirm with . or Enter, or press ? or * to list all spells.
You can't see any susceptible monsters within range! (Use Z to cast anyway.)
An orc priest comes into view. It is wielding a +0 flail.
The orc priest mumbles some strange prayers to Beogh against you.
Beogh smites you!
You die...

#### .# ∆..# ##.#
#.# #..# ..#
##.###.#
.....##..o...#
...........))####
.......##o.)w...##
.._...# ##..###..#
...... #!..# ##@#
..... .....# #)#
..... #.....# #.#
..#. ##..###
#.#### .### #..
#....#############
...
+....'............
#....#############
∆.......†.......
#<############# #


You could see an orc priest.

Vanquished Creatures
  A black bear (D:4)
  An ogre (D:4)
  A scorpion (D:4)
  A howler monkey (D:4)
  An iguana (D:2)
  A jelly (D:4)
  An orc wizard (D:4)
  9 adders
  2 worms
  3 dart slugs
  10 orcs
  3 bats
  5 endoplasms
  A giant cockroach (D:4)
  11 hobgoblins
  8 kobolds
  5 quokkas
  4 ball pythons
  7 frilled lizards
  5 goblins
  4 rats
84 creatures vanquished.

Vanquished Creatures (collateral kills)
  An endoplasm (D:1)
  4 frilled lizards (D:1)
5 creatures vanquished.

Grand Total: 89 creatures vanquished

Notes
Turn   | Place    | Note
-------+----------+-------------------------------------------
     0 | D:1      | garrulousMonolith the Gnoll Necromancer began the quest for
                  | the Orb.
     0 | D:1      | Reached XP level 1. HP: 13/13 MP: 6/6
   227 | D:1      | Reached XP level 2. HP: 17/19 MP: 5/7
   670 | D:1      | Reached skill level 5 in Spellcasting
   670 | D:1      | Reached XP level 3. HP: 25/25 MP: 5/9
  1109 | D:1      | Learned a level 3 spell: Vampiric Draining
  1159 | D:2      | Found a glowing silver altar of Zin.
  1204 | D:2      | Reached skill level 1 in Invocations
  1418 | D:2      | Reached skill level 1 in Fighting
  1418 | D:2      | Reached skill level 1 in Short Blades
  1418 | D:2      | Reached skill level 1 in Long Blades
  1418 | D:2      | Reached skill level 1 in Axes
  1418 | D:2      | Reached skill level 1 in Maces & Flails
  1418 | D:2      | Reached skill level 1 in Polearms
  1418 | D:2      | Reached skill level 1 in Staves
  1418 | D:2      | Reached skill level 1 in Ranged Weapons
  1418 | D:2      | Reached skill level 1 in Throwing
  1418 | D:2      | Reached skill level 1 in Armour
  1418 | D:2      | Reached skill level 1 in Shields
  1418 | D:2      | Reached skill level 1 in Unarmed Combat
  1418 | D:2      | Reached skill level 1 in Evocations
  1426 | D:2      | Reached XP level 4. HP: 32/32 MP: 1/11
  1544 | D:2      | Reached skill level 1 in Conjurations
  1544 | D:2      | Reached skill level 1 in Hexes
  1544 | D:2      | Reached skill level 1 in Summonings
  1544 | D:2      | Reached skill level 1 in Translocations
  1544 | D:2      | Reached skill level 1 in Transmutations
  1544 | D:2      | Reached skill level 1 in Fire Magic
  1544 | D:2      | Reached skill level 1 in Ice Magic
  1544 | D:2      | Reached skill level 1 in Air Magic
  1544 | D:2      | Reached skill level 1 in Earth Magic
  1544 | D:2      | Reached skill level 1 in Poison Magic
  1544 | D:2      | Reached skill level 1 in Shapeshifting
  2068 | D:2      | Learned a level 4 spell: Animate Dead
  2097 | D:3      | Reached XP level 5. HP: 37/37 MP: 8/12
  2163 | D:3      | Found a burning altar of Makhleb.
  2432 | D:3      | Found a snail-covered altar of Cheibriados.
  2981 | D:4      | Found a broken altar of Ashenzari.
  3004 | D:4      | Noticed an ogre
  3011 | D:4      | Killed an ogre
  3012 | D:4      | Reached skill level 5 in Dodging
  3012 | D:4      | Reached XP level 6. HP: 44/44 MP: 1/14
  3442 | D:4      | Found a shadowy altar of Dithmenos.
  3442 | D:4      | Noticed a black bear
  3469 | D:4      | Killed a black bear
  3470 | D:4      | Reached XP level 7. HP: 6/51 MP: 10/15
  3488 | D:4      | Killed from afar by an orc priest

Illustrated notes

Levels and vault maps discovered:
D:1:      dpeg_arrival_rhombi, layout_loops_ring, hex_tiny,
          corexii_item_surrounded_by_moat, minmay_lizard_pond
D:2:      layout_loops_ring, basic_altar
D:3:      layout_rooms, mainiacjoe_overflow_surrounded_room,
          cheibriados_altar_1, minmay_shallow_snake_nest
D:4:      layout_basic, tgw_fedhas, ashenzari_altar_1,
          mainiacjoe_overflow_alcove_2, nicolae_dithmenos_shadow_blocks,
          nicolae_concentric_dashed_squares_mild

Skill      XL: |  1  2  3  4  5  6  7 |
---------------+----------------------+-----
Spellcasting   | 5 |  5.6
Invocations    | 1 2 |  2.6
Fighting       | 1 2 |  2.4
Short Blades   | 1 2 |  2.4
Long Blades    | 1 2 |  2.4
Axes           | 1 2 |  2.4
Maces & Flails | 1 2 |  2.4
Polearms       | 1 2 |  2.4
Staves         | 1 2 |  2.4
Ranged Weapons | 1 2 |  2.4
Throwing       | 1 2 |  2.4
Armour         | 1 2 |  2.4
Shields        | 1 2 |  2.4
Unarmed Combat | 1 2 |  2.4
Evocations     | 1 2 |  2.4
Conjurations   | 1 2 |  2.0
Hexes          | 1 2 |  2.0
Summonings     | 1 2 |  2.0
Translocations | 1 2 |  2.0
Transmutations | 1 2 |  2.0
Fire Magic     | 1 2 |  2.0
Ice Magic      | 1 2 |  2.0
Air Magic      | 1 2 |  2.0
Earth Magic    | 1 2 |  2.0
Poison Magic   | 1 2 |  2.0
Shapeshifting  | 1 2 |  2.0
Dodging        | 5 |  5.2
Stealth        | |  4.8
Necromancy     | |  7.4

Action                     |  1- 3 |  4- 6 |  7- 9 || total
---------------------------+-------+-------+-------++-------
  Melee: Whip              |     1 |       |       ||     1
         Rapier            |       |    10 |    13 ||    23
         Bite              |       |     1 |       ||     1
   Cast: Necrotise         |    60 |    62 |     1 ||   123
         Vampiric Draining |       |    25 |     3 ||    28
    Use: Scroll            |       |     3 |       ||     3
         Potion            |       |     2 |       ||     2
 Armour: Robe              |     1 |       |       ||     1
         Leather armour    |    10 |    12 |     1 ||    23
  Dodge: Dodged            |    17 |    58 |     3 ||    78
  Block: Buckler           |     2 |    19 |     3 ||    24

Table legend: (Time is in decaauts)
 A = Elapsed time spent in this place.
 B = Non-inter-level travel time spent in this place.
 C = Inter-level travel time spent in this place.
 D = Time resting spent in this place.
 E = Time spent auto-exploring this place.
 F = Levels seen in this place.
 G = Mean time per level.
                   A        B        C        D        E       F      G
               +--------+--------+--------+--------+--------+-----+--------+
         Total |   3480 |   3396 |     84 |    199 |   2613 |   4 |  870.0 |
       Dungeon |   3480 |   3396 |     84 |    199 |   2613 |   4 |  870.0 |
               +--------+--------+--------+--------+--------+-----+--------+

Top non-repeatable levels by time:
     D:1: 1146 daAuts
     D:2: 943 daAuts
     D:3: 819 daAuts
     D:4: 571 daAuts
